 Dungeon Crawl Stone Soup version 0.26-a0-651-gb41185065b (webtiles) character file.

Game seed: 16587928642458819455

13922 gbos the Fighter (level 12, -12/102 HPs)
             Began as a Barachi Hunter on Oct 16, 2020.
             Was the Champion of Okawaru.
             Mangled by a blink frog (16 damage)
             ... on level 2 of the Lair of Beasts.
             The game lasted 00:22:44 (11192 turns).

gbos the Fighter (Barachi Hunter)                  Turns: 11192, Time: 00:22:45

Health: -12/102    AC: 19    Str: 12    XL:     12   Next: 11%
Magic:  15/16      EV: 15    Int: 20    God:    Okawaru [******]
Gold:   2181       SH:  0    Dex: 13    Spells: 11/11 levels left

rFire    . . .     SeeInvis +   b - +10 triple crossbow "Ogrebane" {venom, rN+ Str-5 Int+7}
rCold    . . .     Faith    +   (shield currently unavailable)
rNeg     + + .     Spirit   .   y - +4 troll leather armour "Midaibri" {rN+ Regen+}
rPois    .         Reflect  .   N - +1 hat {SInv}
rElec    .         Harm     .   F - +0 cloak
rCorr    .         Rampage  .   j - +0 pair of gloves
MR       .....                  (no boots)
Stlth    +++.......             w - amulet of faith
HPRegen  0.67/turn              (no ring)
MPRegen  0.15/turn              f - +4 ring of protection

@: lethally poisoned (-12 -> -25), heroism, can't hop, slow
A: +LOS, swims, slowness 1, strong legs 1
a: Hop, Heroism, Finesse, Renounce Religion


You were on level 2 of the Lair of Beasts.
You worshipped Okawaru.
Okawaru was exalted by your worship.
You visited 3 branches of the dungeon, and saw 13 of its levels.

You collected 2181 gold pieces.


Innate Abilities, Weirdness & Mutations

You can be seen from farther away. (+LOS)
You can swim through water.
You cover ground slowly.
You can hop short distances.


   Skills:
 - Level 12.1(17.1) Fighting
 - Level 6.8(11.8) Bows
 + Level 10.4(15.4) Crossbows
 + Level 11.2(16.2) Armour
 - Level 2.1(7.1) Dodging
 - Level 0.8(5.8) Stealth
 + Level 5.6 Invocations


You had 11 spell levels left.
You didn't know any spells.
Your spell library contained the following spells:

 Spells                   Type           Power        Failure   Level
 Animate Skeleton         Necr           #.....       22%         1
 Apportation              Tloc           #.....       22%         1
 Corona                   Hex            #......      22%         1
 Freeze                   Ice            #...         22%         1
 Summon Small Mammal      Summ           #...         22%         1
 Frozen Ramparts          Ice            #.....       56%         3
 Ozocubu's Armour         Ice            #.......     56%         3
 Hailstorm                Conj/Ice       #.......     92%         4
 Summon Ice Beast         Ice/Summ       #.......     92%         4

Inventory:

Hand Weapons
 a - a +2 shortbow of flaming
 b - the +10 triple crossbow "Ogrebane" (weapon) {venom, rN+ Str-5 Int+7}

   It poisons the ammo it fires.
   It affects your strength (-5).
   It affects your intelligence (+7).
   It protects you from negative energy.
 h - a +0 short sword
 E - a +2 war axe of distortion
 Q - a +2 shortbow
Missiles
 d - 276 arrows
 i - 37 bolts (quivered)
Armour
 c - a +0 leather armour
 j - a +0 pair of gloves (worn)
 q - a +2 helmet
 s - a +0 plate armour
 y - the +4 troll leather armour "Midaibri" (worn) {rN+ Regen+}

   It protects you from negative energy.
   It increases your rate of regeneration.
 F - a +0 cloak (worn)
 M - a +3 plate armour of cold resistance
 N - a +1 hat of see invisible (worn)
Jewellery
 f - a +4 ring of protection (right hand)
 w - an amulet of faith (around neck)
 J - a cursed ring of fire
 S - a cursed ring of teleportation {unknown}
Wands
 I - a wand of random effects (21)
 L - a wand of disintegration (38)
 T - a wand of polymorph (9)
 U - a wand of paralysis (8)
Scrolls
 g - 7 scrolls of identify {@r1}
 k - 7 scrolls of enchant weapon
 l - 6 scrolls of teleportation {@r4}
 t - 2 scrolls of enchant armour
 u - a scroll of summoning {unknown}
 v - 3 scrolls of remove curse
 B - 3 scrolls of noise {!r}
 C - 2 scrolls of fog
 K - 2 scrolls of amnesia
 O - a scroll of holy word {unknown}
 V - a scroll of blinking
 W - a scroll of fear
Potions
 e - 3 potions of brilliance
 m - 2 potions of mutation {unknown}
 n - 6 potions of stabbing
 o - a potion of resistance {unknown}
 p - a potion of magic {unknown}
 r - 3 potions of curing {@q1}
 x - 3 potions of flight
 z - a potion of experience {unknown}
 A - a potion of lignification {unknown}
 D - a potion of haste {unknown}
 G - 2 potions of degeneration {!q}
 H - 2 potions of berserk rage {unknown}
 P - a potion of heal wounds {unknown}
 R - a potion of might {unknown}

Dungeon Overview and Level Annotations

Branches:
Dungeon (10/15)            Temple (1/1) D:4            Lair (2/6) D:10
  Swamp: Lair:2-4    Shoals: Lair:2-4     Snake: Lair:2-4    Spider: Lair:2-4
    Orc: D:9-12

Altars:
Ashenzari
Cheibriados
Elyvilon
Fedhas
Gozag
Hepliaklqana
Kikubaaqudgha
Makhleb
Nemelex Xobeh
Okawaru
Qazlal
Sif Muna
Trog
Uskayaw
Vehumet
Wu Jian
Xom
Yredelemnul
Zin
The Shining One

Shops:
D:7 (

Portals:
Volcano: Lair:2

Annotations:
D:4 1 runed translucent door, Crazy Yiuf
D:8 1 runed translucent door, gbos's ghost, novice DDHu

▒.FF.▒..▒...▒
▒.▒......▒
▒▒▒▒....▒▒
▒▒<...▒▒
▒.....▒ ▒▒▒▒▒
▒.....▒
▒▒....
▒▒...f▒
▒▒.....
▒F..▒▒
▒▒......
▒F..P▒
▒▒.......
▒((.▒▒
▒........
▒▒f..[▒
▒........ ▒
▒f....▒
▒▒....... ..
▒▒....▒▒
▒.......
...▒....▒.▒
▒.......
.(......(.▒
▒▒......
▒.▒.....▒▒
▒▒.P..<
▒▒.....▒
▒...▒.


You could see a blink frog.


Message History

* * * LOW HITPOINT WARNING * * *
Firing (i - inventory)
i - 40 bolts (quivered)
Aim: a black mamba (severely wounded, very poisoned)
You shoot a bolt.
The bolt closely misses the black mamba.
You feel sick. The black mamba barely misses you.
The black mamba bites you but does no damage.
Firing (i - inventory)
i - 39 bolts (quivered)
Aim: a black mamba (severely wounded, very poisoned)
You shoot a bolt. The bolt barely misses the black mamba.
You feel sick. The black mamba bites you.
* * * LOW HITPOINT WARNING * * *
You are lethally poisoned!
The black mamba poisons you! The black mamba closely misses you.
The black mamba bites you.
* * * LOW HITPOINT WARNING * * *
Firing (i - inventory)
i - 38 bolts (quivered)
Aim: a black mamba (almost dead, very poisoned)
You shoot a bolt. The bolt hits the black mamba!!
You kill the black mamba!
Okawaru accepts your kill.
* * * LOW HITPOINT WARNING * * *
You feel very sick. The blink frog hits you!
You die...

Action                   |  1- 3 |  4- 6 |  7- 9 | 10-12 || total
-------------------------+-------+-------+-------+-------++-------
Melee: Short sword       |    63 |   141 |    22 |       ||   226
 Fire: Shortbow          |    32 |   164 |   287 |   151 ||   634
       Triple crossbow   |       |       |    60 |   169 ||   229
Invok: Heroism           |       |       |     1 |     1 ||     2
 Abil: Hop               |     1 |       |       |     2 ||     3
  Use: Scroll            |       |       |    12 |     9 ||    21
       Potion            |       |       |       |     1 ||     1
Armor: Leather armour    |    39 |    51 |       |       ||    90
       Plate armour      |       |    75 |     3 |       ||    78
       Troll leather arm |       |       |   125 |   128 ||   253
Dodge: Dodged            |    83 |   143 |   140 |   230 ||   596

Levels and vault maps discovered:
D:1:      dpeg_arrival_lava_temple_mockup, layout_basic, serial_bayou_pond_c
D:2:      layout_basic, chequers_serial_rivers_micro_c
D:3:      layout_basic, minmay_misc_feat_four_crosses
D:4:      layout_loops_corners, yredelemnul_altar_generic,
          minmay_temple_entry_butterflies, uniq_crazy_yiuf_cottage
D:5:      layout_rooms, bloody_trog, okawaru_metal_pillars_1_2
D:6:      layout_basic, chequers_serial_rivers_micro_b, uniq_sigmund
D:7:      layout_rooms, lemuel_crystal_altar, serial_shops,
          nicolae_shop_behind_doors
D:8:      layout_rooms, nicolae_overflow_hidden_temple,
          ebering_ghost_inner_flame, kennysheep_pointless_box
D:9:      layout_stronghold, uniq_grum
D:10:     layout_cave_pools, grunt_lair_entry_orc_guard_hut, lemuel_oklob_altar,
          uniq_gastronok, uniq_maggie
Temple:   zaba_magenta_temple
Lair:1:   layout_gridlike, serial_bayou_pond_d
Lair:2:   layout_concentric_octagons, nicolae_volcano_entry_lava_flow

Notes
Turn   | Place    | Note
-------+----------+-------------------------------------------
     0 | D:1      | gbos the Barachi Hunter began the quest for the Orb.
     0 | D:1      | Reached XP level 1. HP: 17/17 MP: 1/1
   248 | D:1      | Reached XP level 2. HP: 17/23 MP: 2/2
   259 | D:1      | Reached skill level 3 in Fighting
   596 | D:1      | Reached XP level 3. HP: 23/29 MP: 3/3
  1012 | D:2      | Reached skill level 4 in Fighting
  1012 | D:2      | Reached XP level 4. HP: 17/37 MP: 4/4
  1954 | D:2      | Reached skill level 5 in Bows
  2660 | D:3      | Reached XP level 5. HP: 30/43 MP: 5/5
  2964 | D:3      | Reached skill level 5 in Fighting
  3277 | D:4      | Reached XP level 6. HP: 51/51 MP: 6/6
  3329 | D:4      | Reached skill level 1 in Armour
  3334 | D:4      | HP: 15/51 [poisoned by a worker ant]
  3342 | D:4      | HP: 15/51 [poisoned by a worker ant]
  3350 | D:4      | HP: 14/51 [poisoned by a worker ant]
  3804 | D:4      | Reached skill level 2 in Armour
  3914 | D:4      | Found a staircase to the Ecumenical Temple.
  3971 | Temple   | Entered the Ecumenical Temple
  4086 | D:4      | Found a basalt altar of Yredelemnul.
  4165 | D:4      | Reached skill level 6 in Fighting
  4514 | D:4      | Reached skill level 3 in Armour
  4514 | D:4      | Reached XP level 7. HP: 59/59 MP: 7/7
  4553 | D:4      | Got a crude troll leather armour
  4559 | D:4      | Identified the +4 troll leather armour "Midaibri" {rN+
                  | Regen+} (You found it on level 4 of the Dungeon)
  4804 | D:4      | Found a runed translucent door.
  4805 | D:4      | Noticed Crazy Yiuf
  4862 | D:5      | Entered Level 5 of the Dungeon
  4862 | D:5      | Found a bloodstained altar of Trog.
  4914 | D:5      | Reached skill level 4 in Armour
  4937 | D:5      | Reached skill level 7 in Fighting
  5104 | D:5      | Found an iron altar of Okawaru.
  5122 | D:5      | Became a worshipper of Warmaster Okawaru
  5157 | D:5      | Reached skill level 5 in Armour
  5311 | D:5      | Reached XP level 8. HP: 68/68 MP: 8/8
  5407 | D:5      | Reached * piety under Okawaru
  5407 | D:5      | Reached skill level 8 in Fighting
  5436 | D:6      | Noticed Sigmund
  5489 | D:6      | Reached skill level 6 in Armour
  5580 | D:5      | Killed Sigmund
  5580 | D:5      | Reached skill level 6 in Bows
  5580 | D:5      | Reached skill level 1 in Invocations
  5741 | D:6      | Reached ** piety under Okawaru
  5741 | D:6      | Reached skill level 2 in Invocations
  5746 | D:6      | Reached skill level 9 in Fighting
  5938 | D:6      | Reached XP level 9. HP: 76/76 MP: 9/11
  6097 | D:6      | Reached skill level 3 in Invocations
  6173 | D:6      | Identified a scroll of acquirement
  6173 | D:6      | Acquired the +10 triple crossbow "Ogrebane" {venom, rN+
                  | Str-5 Int+7}
  6475 | D:7      | Reached skill level 1 in Crossbows
  6489 | D:7      | Reached *** piety under Okawaru
  6516 | D:7      | Found a sparkling altar of Nemelex Xobeh.
  6593 | D:7      | Reached skill level 2 in Crossbows
  6656 | D:7      | Found Alomnebb's Weapon Shop.
  6733 | D:7      | Received a gift from Okawaru
  6789 | D:7      | Reached skill level 10 in Fighting
  6855 | D:7      | Reached skill level 4 in Invocations
  7011 | D:8      | Found a blossoming altar of Fedhas.
  7020 | D:8      | Found a burning altar of Makhleb.
  7098 | D:8      | Reached skill level 3 in Crossbows
  7118 | D:8      | Noticed gbos's ghost (novice DDHu)
  7118 | D:8      | Noticed a yaktaur captain
  7119 | D:8      | Found a runed translucent door.
  7265 | D:8      | Reached skill level 4 in Crossbows
  7578 | D:9      | Noticed a troll
  7582 | D:9      | Killed a troll
  7582 | D:9      | Received a gift from Okawaru
  7588 | D:9      | Reached skill level 11 in Fighting
  7603 | D:8      | Reached **** piety under Okawaru
  7603 | D:8      | Reached XP level 10. HP: 83/87 MP: 13/13
  7702 | D:9      | Reached skill level 5 in Crossbows
  7777 | D:9      | Noticed Grum
  7788 | D:9      | Killed Grum
  8066 | D:9      | Acquired 1180 gold pieces
  8114 | D:9      | Reached skill level 6 in Crossbows
  8301 | D:9      | Noticed a two-headed ogre
  8307 | D:9      | Killed a two-headed ogre
  8307 | D:9      | Reached ***** piety under Okawaru
  8307 | D:9      | Received a gift from Okawaru
  8307 | D:9      | Reached skill level 12 in Fighting
  8806 | D:9      | Reached skill level 7 in Crossbows
  9063 | D:9      | Identified the cursed +1 leather armour of Bedevilment
                  | {Dex+3} (You found it on level 9 of the Dungeon)
  9108 | D:10     | Entered Level 10 of the Dungeon
  9147 | D:10     | Noticed Gastronok
  9155 | D:10     | Killed Gastronok
  9155 | D:10     | Reached skill level 8 in Crossbows
  9155 | D:10     | Reached skill level 8 in Armour
  9155 | D:10     | Reached XP level 11. HP: 64/95 MP: 14/14
  9231 | D:10     | Reached skill level 9 in Armour
  9537 | D:10     | Identified cursed +0 steam dragon scales
  9537 | D:10     | Noticed Maggie
  9541 | D:10     | Killed Maggie
  9541 | D:10     | Reached skill level 9 in Crossbows
  9608 | D:10     | Received a gift from Okawaru
  9720 | D:10     | Found a staircase to the Lair.
  9754 | D:10     | Found a shimmering altar of Xom.
  9766 | D:10     | Noticed an oklob plant
  9919 | D:10     | Killed an oklob plant
  9966 | Lair:1   | Entered Level 1 of the Lair of Beasts
  9978 | Lair:1   | Reached skill level 10 in Armour
 10465 | Lair:1   | Received a gift from Okawaru
 10741 | Lair:2   | Reached skill level 10 in Crossbows
 10744 | Lair:2   | Received a gift from Okawaru
 10748 | Lair:2   | HP: 25/95 [blink frog (11)]
 10754 | Lair:2   | HP: 20/95 [poisoned by a water moccasin]
 10759 | Lair:1   | HP: 18/95 [poisoned by a water moccasin]
 10767 | Lair:1   | HP: 21/95 [poisoned by a water moccasin]
 10895 | Lair:2   | Noticed a six-headed hydra
 10902 | Lair:1   | Killed a six-headed hydra
 10902 | Lair:1   | Received a gift from Okawaru
 10902 | Lair:1   | Reached skill level 5 in Invocations
 10904 | Lair:1   | Reached XP level 12. HP: 58/102 MP: 15/15
 10994 | Lair:2   | Found a dark tunnel.
 11092 | Lair:2   | Reached ****** piety under Okawaru
 11092 | Lair:2   | Reached skill level 11 in Armour
 11184 | Lair:2   | HP: 30/102 [black mamba (16)]
 11189 | Lair:2   | Received a gift from Okawaru
 11189 | Lair:2   | HP: 20/102 [poisoned by a water moccasin]
 11191 | Lair:2   | HP: 7/102 [black mamba (4)]
 11192 | Lair:2   | Mangled by a blink frog

Vanquished Creatures
  Gastronok (D:10)
  A hydra (Lair:1)
  A two-headed ogre (D:9)
  An oklob plant (D:10)
  2 black mambas (Lair:2)
  Maggie (D:10)
  2 cane toads (Lair:1)
  2 trolls (D:9)
  3 blink frogs (Lair:2)
  A meliai zombie (D:10)
  2 hippogriffs
  Sigmund (D:5)
  17 yaks
  Grum (D:9)
  4 porcupines
  4 water moccasins
  3 orc warriors
  An ice beast (D:9)
  A necrophage (D:5)
  2 sky beasts
  4 black bears
  A phantom (D:10)
  3 ogres
  2 centaurs
  A crocodile (Lair:1)
  2 wolves (D:9)
  A big kobold (D:8)
  8 bullfrogs
  4 scorpions
  5 killer bees (D:7)
  3 wights (D:9)
  2 howler monkeys
  A bullfrog zombie (D:9)
  3 hounds
  2 quasits
  2 bullfrog skeletons
  A jelly (D:8)
  7 orc priests
  A centaur skeleton (D:6)
  An iguana (D:5)
  10 orc wizards
  7 worker ants
  2 hound skeletons (D:4)
  A worker ant zombie (D:9)
  4 gnolls (D:9)
  6 adders
  3 shadow imps
  A white imp (D:7)
  An ufetubus (D:9)
  An adder skeleton (D:5)
  2 worms
  A dart slug (D:4)
  6 leopard geckos
  40 orcs
  8 giant cockroaches
  10 hobgoblins
  6 jackals
  4 quokkas
  8 bats
  4 frilled lizards
  10 goblins
  A jackal skeleton (D:5)
  15 kobolds
  A leopard gecko zombie (D:8)
  A quokka zombie (D:6)
  7 rats
  A butterfly (D:4)
266 creatures vanquished.

Vanquished Creatures (others)
  15 fungi
  15 plants
30 creatures vanquished.

Grand Total: 296 creatures vanquished
